 Dungeon Crawl Stone Soup version 0.25-a0-458-g6fc7858 (webtiles) character file.

Game seed: 3312392182331878781, levelgen mode: deterministic

77 Abanax the Vexing (level 4, -3/33 HPs)
             Began as a Formicid Arcane Marksman on Feb 1, 2020.
             Was an Initiate of Nemelex Xobeh.
             Slain by a worm (10 damage)
             ... on level 2 of the Dungeon.
             The game lasted 00:11:33 (1302 turns).

Abanax the Vexing (Formicid Arcane Marksman)        Turns: 1302, Time: 00:11:33

Health: -3/33      AC:  2    Str: 15    XL:     4   Next: 60%
Magic:  6/7        EV: 12    Int: 12    God:    Nemelex Xobeh [......]
Gold:   115        SH:  0    Dex: 12    Spells: 6/7 levels left

rFire    . . .     SeeInvis +   a - +0 hunting sling
rCold    . . .     Gourm    .   (no shield)
rNeg     . . .     Faith    .   e - +0 robe
rPois    .         Spirit   .   (helmet unavailable)
rElec    .         Reflect  .   (no cloak)
rCorr    .         Harm     .   (no gloves)
MR       .....                  (no boots)
Stlth    ++........             (no amulet)
HPRegen  0.11/turn              k - ring of stealth
MPRegen  0.10/turn              (no ring)

@: no status effects
A: permanent stasis, dig shafts and tunnels, four strong arms, antennae 3
a: Dig, Shaft Self, Draw Escape, Draw Destruction, Draw Summoning, Renounce
Religion


You were on level 2 of the Dungeon.
You worshipped Nemelex Xobeh.
Nemelex Xobeh was noncommittal.
You were very hungry.

You visited 1 branch of the dungeon, and saw 2 of its levels.

You collected 115 gold pieces.

Inventory:

Hand Weapons
 a - a +0 hunting sling (weapon)
Missiles
 b - 9 poisoned darts
 d - 22 sling bullets (quivered)
 j - 88 stones
Armour
 e - a +0 robe (worn)
Jewellery
 k - a ring of stealth (left hand)
Scrolls
 c - a scroll of fear {unknown}
 h - a scroll of remove curse
 i - a scroll of teleportation {unknown}
 l - 3 scrolls of identify {unknown}
 o - a scroll of enchant weapon {unknown}
Potions
 g - a potion of curing {unknown}
 m - a potion of might {unknown}
 n - a potion of agility {unknown}
 p - a potion of lignification {unknown}
 q - a potion of heal wounds {unknown}
 r - a potion of cancellation {unknown}
Comestibles
 f - 4 rations


   Skills:
 + Level 2.1 Fighting
 + Level 2.9 Slings
 + Level 1.5 Armour
 - Level 1.7 Dodging
 + Level 2.0 Spellcasting
 + Level 4.2 Hexes


You had 6 spell levels left.
You knew the following spells:

 Your Spells              Type           Power        Failure   Level  Hunger
a - Corona                Hex            ##.....      4%          1    ##.....

Your spell library contained the following spells:

 Spells                   Type           Power        Failure   Level  Hunger
 Slow                     Hex            ##......     7%          2    ###....
 Inner Flame              Hex/Fire       #.......     34%         3    ####...
 Portal Projectile        Hex/Tloc       #.....       34%         3    ####...
 Cause Fear               Hex            ##........   43%         4    #####..
 Leda's Liquefaction      Hex/Erth       #.........   75%         4    #####..


Dungeon Overview and Level Annotations

Branches:
Dungeon (2/15)

Altars:
Nemelex Xobeh
Xom


Innate Abilities, Weirdness & Mutations

You cannot be hasted, slowed, berserked, paralysed or teleported.
You can dig through walls and to a lower floor.
Your four strong arms can wield two-handed weapons with a shield.
You have a pair of large antennae on your head. (SInv)


Message History

Firing (i - inventory. (/) - cycle)
d - 25 sling bullets (quivered)
Press: ? - help, Shift-Dir - straight line, f/p - worm
Aim: a worm (softly glowing)
You shoot a sling bullet.
The sling bullet completely misses the worm.
Firing (i - inventory. (/) - cycle)
d - 24 sling bullets (quivered)
Press: ? - help, Shift-Dir - straight line, f/p - worm
Aim: a worm (softly glowing)
You shoot a sling bullet. The sling bullet hits the worm!
The worm is heavily wounded.
The worm bites you!
* * * LOW HITPOINT WARNING * * *
Firing (i - inventory. (/) - cycle)
d - 23 sling bullets (quivered)
Press: ? - help, Shift-Dir - straight line, f/p - worm
Aim: a worm (heavily wounded, softly glowing)
You shoot a sling bullet. The sling bullet hits the worm.
The worm is heavily wounded.
The worm bites you!
You die...
Your body disappears without a glow.

#........# ###
#........###
..#####.#.....#
.##.......#.....#
...(..##........#
#...( ##.#.....#
#..##........#
#..w..#......#
##..@........#
##.###...#### ##
#####


You could see a worm.

Vanquished Creatures
  4 adders (D:2)
  An ooze (D:1)
  2 dart slugs
  A leopard gecko (D:1)
  6 bats
  A giant cockroach (D:2)
  2 hobgoblins
  3 jackals (D:1)
  7 kobolds
  2 goblins (D:1)
  4 rats
33 creatures vanquished.

Notes
Turn   | Place    | Note
-------+----------+-------------------------------------------
     0 | D:1      | Abanax the Formicid Arcane Marksman began the quest for the
                  | Orb.
     0 | D:1      | Reached XP level 1. HP: 15/15 MP: 2/2
   137 | D:1      | Reached XP level 2. HP: 21/21 MP: 0/3
   489 | D:1      | Found a sparkling altar of Nemelex Xobeh.
   498 | D:1      | Became a worshipper of Nemelex Xobeh the Trickster
   529 | D:1      | Reached XP level 3. HP: 26/26 MP: 5/5
   535 | D:1      | Reached skill level 1 in Armour
   740 | D:1      | Received a gift from Nemelex Xobeh
   870 | D:2      | Found a shimmering altar of Xom.
   874 | D:2      | Reached skill level 4 in Hexes
  1019 | D:2      | Reached XP level 4. HP: 22/33 MP: 6/6
  1302 | D:2      | Slain by a worm

Levels and vault maps discovered:
D:1:      mrwooster_arrival_arrow, layout_basic, supply_closet_lemuel,
          interstate_on_off, corexii_item_surrounded_by_moat,
          minmay_misc_feat_doors, nemelex_xobeh_ov_fountains_minmay
D:2:      lemuel_upstairs_altar, layout_rooms, overflow_temple_1_default,
          lemuel_round_altar, chequers_ecumenical_altar_simple, first_ration,
          chequers_big_river

Skill      XL: |  1  2  3  4 |
---------------+-------------+-----
Armour         | 1 |  1.5
Hexes          | 4 |  4.2
Fighting       | 2 |  2.1
Spellcasting   | 2 |  2.0
Slings         | |  2.9
Dodging        | |  1.7

Action                   |  1- 3 |  4- 6 || total
-------------------------+-------+-------++-------
 Fire: Hunting sling     |    95 |    40 ||   135
 Cast: Corona            |     8 |     3 ||    11
  Use: Scroll            |       |     1 ||     1
Armor: Robe              |     8 |     2 ||    10
Dodge: Dodged            |    39 |    17 ||    56

Table legend:
 A = Non-vault XP
 B = Vault XP
 C = Vault XP percentage of total XP
 D = Non-vault monster count
 E = Vault monster count
 F = Vault count percentage of total count
                 A         B        C        D         E       F
            +---------+---------+-------+---------+---------+-------
      Total |     111 |       0 |   0.0 |      33 |       0 |   0.0
            +---------+---------+-------+---------+---------+-------
        D:1 |      42 |       0 |   0.0 |      21 |       0 |   0.0
        D:2 |      69 |       0 |   0.0 |      12 |       0 |   0.0
            +---------+---------+-------+---------+---------+-------
